 Dungeon Crawl Stone Soup version 0.31-a0-133-gaae73658be (webtiles) character file.

Game seed: 12139102699374588818

99 timneilson the Shield-Bearer (level 4, -9/29 HPs)
             Began as a Gargoyle Fighter on June 2, 2023.
             Killed by divine providence
             ... invoked by an orc priest
              (15 damage)
             ... on level 3 of the Dungeon.
             The game lasted 00:02:29 (1840 turns).

timneilson the Shield-Bearer (Gargoyle Fighter)     Turns: 1840, Time: 00:02:30

Health: -9/29      AC: 18    Str: 19    XL:     4   Next: 72%
Magic:  4/4        EV:  7    Int: 14    God:
Gold:   79         SH:  4    Dex: 11    Spells: 3/3 levels left

rFire   + . .        a - +1 long sword
rCold   x . .        c - +0 buckler
rNeg    + + .        n - +4 chain mail "Tudoell" {Fly rC- rN+ Int+5}
rPois   ∞            (no helmet)
rElec   +            (no cloak)
rCorr   .            (no gloves)
SInv    .            m - +0 pair of boots
Will    .....        (no amulet) Stlth
                     h - ring of protection from fire
HPRegen 0.24/turn    (no ring)
MPRegen 0.09/turn

%: no passive effects
@: flying
A: sickness immunity, AC +3, negative energy resistance 1, electricity
resistance, torment resistance 1, petrification resistance
a: no special abilities


You were on level 3 of the Dungeon.
You visited 1 branch of the dungeon, and saw 3 of its levels.

You collected 79 gold pieces.

Inventory:

Hand Weapons
 a - a +1 long sword (weapon)
Armour
 c - a +0 buckler (worn)
 m - a +0 pair of boots (worn)
 n - the +4 chain mail "Tudoell" (worn) {Fly rC- rN+ Int+5}
   (You found it on level 2 of the Dungeon)

   Int:       It affects your intelligence (+5).
   rC:        It makes you vulnerable to cold.
   rN:        It protects you from negative energy.
   Fly:       It grants you flight.
Jewellery
 e - a ring of ice
 h - a ring of protection from fire (left hand)
Scrolls
 g - a scroll of noise {unknown}
 j - a scroll of silence
Potions
 b - 2 potions of curing {unknown}
 d - a potion of might
 f - a potion of cancellation {unknown}
 i - a potion of magic {unknown}
 k - 2 potions of enlightenment {unknown}


   Skills:
 + Level 3.8 Fighting
 * Level 2.6 Long Blades
 * Level 4.0 Armour
 + Level 0.9 Dodging
 * Level 4.0 Shields


You had 3 spell levels left.
You didn't know any spells.
Your spell library was empty.

Dungeon Overview and Level Annotations

Branches:
Dungeon (3/15)

Altars:


Innate Abilities, Weirdness & Mutations

You are immune to sickness and miasma.
Your stone body is resilient. (AC +3)
You are immune to poison.
You resist negative energy. (rN+)
You are resistant to electric shocks. (rElec)
You are resistant to unholy torment.
You are immune to petrification.


Message History

An orc and an orc priest come into view.
The orc priest shouts!
You barely miss the orc priest.
The orc priest hits you but does no damage.
The orc priest calls down the wrath of Beogh upon you.
Pain shoots through your body!
You hit the orc priest.
The orc priest is moderately wounded.
You hit the orc.
You kill the orc!
You closely miss the orc priest.
The orc priest is moderately wounded.
The orc priest hits you but does no damage. x2
You hit the orc priest.
The orc priest is moderately wounded.
The orc priest mumbles some strange prayers to Beogh against you.
Beogh smites you!
You hit the orc priest.
The orc priest is severely wounded.
The orc priest looks satisfied for a moment.
You hit the orc priest but do no damage.
The orc priest is severely wounded.
You block the orc priest's attack. The orc priest barely misses you.
You barely miss the orc priest.
The orc priest is severely wounded.
You block the orc priest's attack.
You barely miss the orc priest.
The orc priest is severely wounded.
The orc priest calls down the wrath of Beogh upon you.
Beogh smites you!
* * * LOW HITPOINT WARNING * * *
You hit the orc priest.
The orc priest is severely wounded.
The orc priest hits you but does no damage.
You completely miss the orc priest.
The orc priest is severely wounded.
The orc priest invokes the aid of Beogh against you.
Beogh smites you!
Ouch! That really hurt!
You die...

#...........
#...........
#...........
##...#####..
#..........#
#.....#....#
#.)....#...#
#.###### ..#
#(@o...# .#
...........#...
#
####...........
#.###....### #.
###... #. ####
#


You could see an orc priest.

Vanquished Creatures
  A hound (D:2)
  2 adders (D:2)
  2 worms
  2 orcs (D:3)
  5 ball pythons
  6 endoplasms (D:1)
  3 giant cockroaches
  A goblin (D:1)
  6 hobgoblins
  4 kobolds
  A quokka (D:1)
  3 bats
  3 frilled lizards (D:1)
  3 rats
42 creatures vanquished.

Notes
Turn   | Place    | Note
-------+----------+-------------------------------------------
     0 | D:1      | timneilson the Gargoyle Fighter began the quest for the
                  | Orb.
     0 | D:1      | Reached XP level 1. HP: 14/14 MP: 1/1
    74 | D:1      | Reached XP level 2. HP: 19/19 MP: 2/2
   664 | D:1      | Reached XP level 3. HP: 22/23 MP: 3/3
  1295 | D:2      | Reached XP level 4. HP: 14/29 MP: 4/4
  1525 | D:2      | Identified the +4 chain mail "Tudoell" {Fly rC- rN+ Int+5}
  1840 | D:3      | Killed from afar by an orc priest

Illustrated notes

Levels and vault maps discovered:
D:1:      evilmike_arrival_rings, layout_loops_ring, serial_park_tiny_2
D:2:      minmay_inner_zag, layout_loops_ring, mrwooster_statue_mirror
D:3:      layout_basic, shapermc_ecumenical_altar_gd, serial_shops,
          nicolae_shop_advertising_works [nicolae_subvault_shop_adworks]

Skill      XL: |  1  2  3  4 |
---------------+-------------+-----
Long Blades    | 2 |  2.6
Shields        | 4 |  4.0
Armour         | 4 |  4.0
Fighting       | |  3.8
Dodging        | |  0.9

Action                     |  1- 3 |  4- 6 || total
---------------------------+-------+-------++-------
  Melee: Long sword        |   118 |    41 ||   159
    Use: Scroll            |     2 |     1 ||     3
 Armour: Scale mail        |    25 |       ||    25
         Chain mail        |    51 |    25 ||    76
  Dodge: Dodged            |    58 |     8 ||    66
  Block: Buckler           |    25 |     6 ||    31

Table legend: (Time is in decaauts)
 A = Elapsed time spent in this place.
 B = Non-inter-level travel time spent in this place.
 C = Inter-level travel time spent in this place.
 D = Time resting spent in this place.
 E = Time spent auto-exploring this place.
 F = Levels seen in this place.
 G = Mean time per level.
                   A        B        C        D        E       F      G
               +--------+--------+--------+--------+--------+-----+--------+
         Total |   1889 |   1846 |     43 |     26 |   1421 |   3 |  629.7 |
       Dungeon |   1889 |   1846 |     43 |     26 |   1421 |   3 |  629.7 |
               +--------+--------+--------+--------+--------+-----+--------+

Top non-repeatable levels by time:
     D:2: 929 daAuts
     D:1: 875 daAuts
     D:3: 84 daAuts
